[Event "December 19 Late 2023"]
[Site "https://www.chess.com"]
[Date "2023.12.19"]
[Round "11"]
[White "Annaberdiyev, Meylis"]
[Black "Stojanovski, Sandi"]
[Result "1-0"]
[Board "34"]
[TimeControl "180+1"]
[WhiteFideId "14000563"]
[BlackFideId "1403249"]
[WhiteElo "2405"]
[BlackElo "2531"]
[WhiteTeam "TKM"]
[BlackTeam "DEN"]
[WhiteClock "0:00:15"]
[BlackClock "0:00:03"]

1. e4 d6 2. d4 Nf6 3. Nc3 g6 4. Nf3 Bg7 5. Be2 O-O 6. O-O Bg4 7. Ng5 Bxe2 8. Qxe2 Nc6 9. Rd1 Nd7 10. Nf3 e5 11. Bg5 Bf6 12. Bxf6 Qxf6 13. Nd5 Qd8 14. dxe5 Ndxe5 15. Nxe5 Nxe5 16. c4 c6 17. Nc3 Qe7 18. b3 f5 19. f4 Nf7 20. exf5 Qxe2 21. Nxe2 gxf5 22. Nd4 Nh6 23. Re1 Rfe8 24. g3 Kf7 25. Kg2 Rxe1 26. Rxe1 Re8 27. Rxe8 Kxe8 28. Kf3 Ke7 29. h3 a6 30. g4 fxg4+ 31. hxg4 c5 32. Nc2 b5 33. Ne3 Ke6 34. Ke4 Nf7 35. Nd5 bxc4 36. bxc4 a5 37. g5 Nd8 38. f5+ Kf7 39. Ne3 Nc6 40. Kd5 Nb4+ 41. Kxd6 Nxa2 42. Kxc5 Nc1 43. Kb5 Nb3 44. c5 Ke7 45. f6+ Kf7 46. c6 Nd4+ 47. Kc5 Nxc6 48. Kxc6 a4 49. Kd5 a3 50. Ke5 a2 51. Nc2 Kg6 52. Ke6 h6 53. gxh6 Kh7 54. Na1 Kxh6 55. f7 Kh7 56. Ke7 Kg6 57. f8=Q 1-0

[Event "December 19 Late 2023"]
[Site "https://www.chess.com"]
[Date "2023.12.19"]
[Round "11"]
[White "Sturt, Raven"]
[Black "Cervantes Landeiro, Thalia"]
[Result "1-0"]
[Board "35"]
[TimeControl "180+1"]
[WhiteFideId "2007304"]
[BlackFideId "3520498"]
[WhiteElo "2408"]
[BlackElo "2189"]
[WhiteTeam "USA"]
[BlackTeam "USA"]
[WhiteClock "0:00:53"]
[BlackClock "0:00:02"]

1. f4 d5 2. Nf3 c5 3. e3 a6 4. b4 cxb4 5. a3 e6 6. Bb2 Nf6 7. c4 bxc3 8. Nxc3 Nc6 9. Bd3 Bc5 10. Qc2 Ba7 11. g4 d4 12. Ne4 dxe3 13. dxe3 Nxg4 14. Rg1 Nxe3 15. Qe2 Nd4 16. Qxe3 Nc2+ 17. Bxc2 Bxe3 18. Rxg7 Qc7 19. Nfg5 Qxc2 20. Rd1 Bd7 21. Bf6 Bc5 22. Rxf7 Rd8 23. Be5 Bb6 24. Nd6# 1-0

[Event "December 19 Late 2023"]
[Site "https://www.chess.com"]
[Date "2023.12.19"]
[Round "11"]
[White "Rama, Tejas"]
[Black "slidingknight2775"]
[Result "0-1"]
[Board "36"]
[TimeControl "180+1"]
[WhiteFideId "30907381"]
[WhiteElo "2089"]
[BlackElo "2656"]
[WhiteTeam "USA"]
[WhiteClock "0:00:04"]
[BlackClock "0:00:08"]

1. d4 d5 2. c4 e6 3. Nf3 Nf6 4. Nc3 a6 5. c5 b6 6. cxb6 c5 7. Bf4 Qxb6 8. Na4 Qa7 9. dxc5 Bxc5 10. Nxc5 Qxc5 11. Rc1 Qa5+ 12. Bd2 Qd8 13. Bb4 a5 14. Ba3 Ba6 15. Ne5 Nbd7 16. Qa4 Rc8 17. Rxc8 Qxc8 18. Nc6 Nb6 19. Qc2 Nc4 20. Nd4 Nxa3 21. Qxc8+ Bxc8 22. bxa3 Ba6 23. e3 Bxf1 24. Rxf1 Kd7 25. Kd2 Rb8 26. Nb3 Kd6 27. a4 Ne4+ 28. Kc2 Rb4 29. f3 Nc5 30. Nxa5 Rxa4 31. Nb3 Rxa2+ 32. Kb1 Rxg2 33. Nxc5 Kxc5 34. h4 Kd6 35. Kc1 h6 36. Kd1 g5 37. hxg5 hxg5 38. Ke1 Ra2 39. Rh1 Ra1+ 0-1

[Event "December 19 Late 2023"]
[Site "https://www.chess.com"]
[Date "2023.12.19"]
[Round "11"]
[White "Yashmetov, Mikhail"]
[Black "Melian, Juan Sebastian"]
[Result "1-0"]
[Board "37"]
[TimeControl "180+1"]
[WhiteFideId "24198900"]
[BlackFideId "3706575"]
[WhiteElo "2220"]
[BlackElo "2098"]
[WhiteTeam "RUS"]
[BlackTeam "PAR"]
[WhiteClock "0:00:14"]
[BlackClock "0:00:00"]

1. f4 d6 2. Nf3 g6 3. e4 Bg7 4. d4 c6 5. c3 Bg4 6. Be3 Nd7 7. Nbd2 e5 8. Bc4 Qe7 9. O-O Ngf6 10. Qb3 b5 11. Bxf7+ Qxf7 12. Qxf7+ Kxf7 13. fxe5 dxe5 14. Nxe5+ Nxe5 15. dxe5 Ke6 16. exf6 Bxf6 17. Nb3 Rhf8 18. Nc5+ Ke7 19. h3 Be2 20. Rf2 Bc4 21. b3 Bg8 22. Bd4 Bh4 23. Rxf8 Rxf8 24. Nd3 Rd8 25. Ne5 Rc8 26. Bc5+ Ke6 27. Nf3 Bf6 28. e5 Be7 29. Nd4+ Kd7 30. e6+ Ke8 31. Bxe7 Kxe7 32. Re1 c5 33. Nxb5 a6 34. Na3 Bxe6 35. Nc4 Kf6 36. Nd6 Rc6 37. Ne4+ Kg7 38. c4 Bf5 39. Nc3 Rd6 40. Nd5 Be6 41. Nc7 Bf7 42. Kf2 Kf8 43. Kf3 Rf6+ 44. Kg3 Rc6 45. Nd5 Rd6 46. Rd1 Re6 47. Nf4 Re3+ 48. Kf2 Re4 49. Kf3 Re5 50. Rd8+ Ke7 51. Ra8 Re1 52. Rxa6 Rf1+ 53. Ke3 Re1+ 54. Kf2 Rb1 55. Ra7+ Kf8 56. Nd3 Be6 57. Nxc5 Bf5 58. Ke3 Rg1 59. g4 Bb1 60. Ne6+ Kg8 61. Kf4 h6 62. Ke5 Rf1 63. Ra8+ Kh7 64. c5 h5 65. c6 Rc1 66. c7 hxg4 67. hxg4 1-0

[Event "December 19 Late 2023"]
[Site "https://www.chess.com"]
[Date "2023.12.19"]
[Round "11"]
[White "Janaszak, Dawid"]
[Black "Delorme, Axel"]
[Result "1-0"]
[Board "38"]
[TimeControl "180+1"]
[WhiteFideId "1119206"]
[BlackFideId "632023"]
[WhiteElo "2218"]
[BlackElo "2478"]
[WhiteTeam "POL"]
[BlackTeam "FRA"]
[WhiteClock "0:00:06"]
[BlackClock "0:00:00"]

1. e4 c5 2. Nc3 a6 3. g3 b5 4. Bg2 Bb7 5. d3 e6 6. Nh3 d5 7. exd5 Nf6 8. Nf4 b4 9. Ne4 Nxd5 10. O-O Be7 11. a3 Nd7 12. Qh5 N7f6 13. Qh3 Nxe4 14. dxe4 Nxf4 15. Bxf4 O-O 16. Rfd1 Qb6 17. axb4 Qxb4 18. Rd7 Qxb2 19. Rf1 Bf6 20. Rxb7 Qxb7 21. e5 Qb2 22. Bxa8 Rxa8 23. exf6 Qxf6 24. Qg2 Qd8 25. Qc6 a5 26. Qxc5 a4 27. Qa3 Qc8 28. Rc1 Qc4 29. Qd3 Qc6 30. Ra1 h6 31. Be5 f6 32. Bb2 Rb8 33. Bd4 Rd8 34. Qc3 Qb5 35. Be3 e5 36. h4 Kh7 37. Kh2 f5 38. Qa3 Qe2 39. Qxa4 Rc8 40. Qd7 Qxc2 41. Ra7 1-0

[Event "December 19 Late 2023"]
[Site "https://www.chess.com"]
[Date "2023.12.19"]
[Round "11"]
[White "Gallegos Diaz, Carlos Alberto"]
[Black "Vlassov, Nikolai"]
[Result "0-1"]
[Board "39"]
[TimeControl "180+1"]
[WhiteFideId "3900886"]
[BlackFideId "4103360"]
[WhiteElo "2362"]
[BlackElo "2351"]
[WhiteTeam "VEN"]
[BlackTeam "FID"]
[WhiteClock "0:00:00"]
[BlackClock "0:00:34"]

1. e4 Nc6 2. d3 Nf6 3. Nf3 e5 4. Be2 Bc5 5. O-O d5 6. Nbd2 O-O 7. c3 a5 8. Qc2 h6 9. h3 b6 10. Re1 Ba6 11. exd5 Qxd5 12. Ne4 Be7 13. Bf1 Rad8 14. Ng3 Bxd3 15. Bxd3 Qxd3 16. Qxd3 Rxd3 17. Nxe5 Nxe5 18. Rxe5 Rd1+ 19. Nf1 Bd6 20. Re2 Bf4 21. Rc2 Re8 22. g3 Ree1 23. gxf4 Rxf1+ 24. Kg2 Nd5 25. Kf3 f5 26. b3 Kf7 27. a4 c5 28. b4 axb4 29. cxb4 Nxb4 30. Rc3 Nd3 31. a5 bxa5 32. Rxa5 Nxc1 33. Rcxc5 Rd2 34. Rc7+ Kg6 35. Ra6+ Kh7 36. Raa7 Rfxf2+ 0-1

[Event "December 19 Late 2023"]
[Site "https://www.chess.com"]
[Date "2023.12.19"]
[Round "11"]
[White "Sabuk, Piotr"]
[Black "Vargas Rodriguez, Wilver"]
[Result "1-0"]
[Board "40"]
[TimeControl "180+1"]
[WhiteFideId "1137565"]
[BlackFideId "3509672"]
[WhiteElo "2276"]
[BlackElo "2210"]
[WhiteTeam "POL"]
[BlackTeam "CUB"]
[WhiteClock "0:00:08"]
[BlackClock "0:00:00"]

1. d4 Nf6 2. c4 c5 3. d5 b5 4. cxb5 a6 5. bxa6 d6 6. Nc3 Bxa6 7. Nf3 g6 8. e4 Bxf1 9. Kxf1 Bg7 10. g3 O-O 11. Kg2 Na6 12. Qe2 Ng4 13. Bd2 Ne5 14. Nxe5 Bxe5 15. Rhb1 Nb4 16. Bh6 Re8 17. a3 Na6 18. Bd2 Qb6 19. Nd1 Qb3 20. Bc3 Reb8 21. Bxe5 dxe5 22. Ne3 Nc7 23. Nc4 f6 24. d6 exd6 25. Nxd6 Ne6 26. Qc4 Ra4 27. Qd5 Rd4 28. Qxb3 Rxb3 29. Rd1 Rxb2 30. a4 Rxd1 31. Rxd1 Ra2 32. Nc4 Rxa4 33. Rc1 Ra2 34. h4 h5 35. Kf3 Nd4+ 36. Ke3 Re2+ 37. Kd3 Rxf2 38. Ne3 Nb3 39. Rc3 Rd2+ 40. Kc4 Nd4 41. Nd5 Kf7 42. Kxc5 Rc2 43. Rxc2 Nxc2 44. Kc4 Nd4 45. Kd3 Ne6 46. Ke3 Nc5 47. Kf3 Ke6 48. Ne3 Nd7 49. g4 hxg4+ 50. Kxg4 Nb6 51. h5 gxh5+ 52. Kxh5 Nd7 53. Kg4 Nc5 54. Kf3 Nd3 55. Ng4 Nb4 56. Ne3 Nc6 57. Ng4 Nd4+ 58. Ke3 Nc6 59. Nf2 Ne7 60. Kf3 Kd6 61. Ke3 Nc6 62. Ng4 Ke6 63. Nf2 Kf7 64. Kf3 Kg6 65. Nd1 Nd4+ 66. Ke3 Ne6 67. Nf2 Ng5 68. Ng4 Nf7 69. Nf2 Nh6 70. Nd3 Kg5 71. Kf3 Nf7 72. Nc5 Nd6 73. Ne6+ Kh5 74. Nc5 Nb5 75. Nd7 Nd4+ 76. Ke3 Kg5 77. Nc5 Kg4 78. Nd7 Kg5 79. Nc5 Nc2+ 80. Kd3 Nb4+ 81. Ke3 Nc6 82. Nd7 Nd8 83. Kf3 Ne6 84. Ke3 Ng7 85. Kf3 Nh5 86. Ke3 Kg4 87. Nc5 Kg3 88. Nd7 Kg4 89. Nc5 Kg5 90. Nd7 Nf4 91. Kf3 Ng6 92. Nc5 Nh4+ 93. Kg3 Ng6 94. Ne6+ 1-0

[Event "December 19 Late 2023"]
[Site "https://www.chess.com"]
[Date "2023.12.19"]
[Round "11"]
[White "Paragua, Megan Althea"]
[Black "Khlebovich, Alexander"]
[Result "0-1"]
[Board "41"]
[TimeControl "180+1"]
[WhiteFideId "30973007"]
[BlackFideId "4169123"]
[WhiteElo "1961"]
[BlackElo "2334"]
[WhiteTeam "USA"]
[BlackTeam "RUS"]
[WhiteClock "0:00:00"]
[BlackClock "0:00:13"]

1. d4 Nf6 2. Nf3 g6 3. e3 Bg7 4. Be2 O-O 5. O-O d5 6. b3 c5 7. Bb2 Ne4 8. Nbd2 Qa5 9. Nxe4 dxe4 10. Nd2 cxd4 11. exd4 Bf5 12. g4 Be6 13. Nxe4 Nc6 14. Ng3 Rad8 15. c3 Qg5 16. Bc1 Qh4 17. Bf3 Nxd4 18. cxd4 Bxd4 19. Qe2 Bxa1 20. Bf4 Bf6 21. Kg2 Rd4 22. Ne4 Rxe4 23. Bxe4 Bxg4 24. Qe3 Bh3+ 25. Qxh3 Qxf4 26. Qf3 Qxf3+ 27. Kxf3 b6 28. Rd1 Rb8 29. Rd7 a5 30. Ra7 Kf8 31. Rd7 Be5 32. Bd5 Bd6 33. h3 Bc5 34. Bc6 Rc8 35. Bb7 Rb8 36. Bc6 h5 37. Bb5 Kg7 38. Bc6 Kf6 39. Rd1 Rc8 40. Be4 Bd6 41. Rd2 Rc3+ 42. Kg2 Bc5 43. Bd5 e6 44. Bc4 a4 45. Re2 a3 46. Rd2 Rc1 47. Re2 Rb1 48. Rc2 Rb2 49. Rxb2 axb2 50. Bd3 Ke5 51. Kf3 Kd4 52. Ke2 Kc3 53. Bb1 b5 54. Bd3 Bxf2 55. Bb1 Bc5 56. Bd3 b4 57. Bb1 f5 58. Bd3 e5 59. Bb1 e4 60. h4 Bd4 61. Kd1 Bf6 62. Ke2 Bxh4 63. Kd1 Bg5 64. Bc2 h4 65. a4 bxa3 66. b4 a2 0-1

[Event "December 19 Late 2023"]
[Site "https://www.chess.com"]
[Date "2023.12.19"]
[Round "11"]
[White "Tanenbaum, Zachary"]
[Black "Rees, Ioan"]
[Result "1-0"]
[Board "42"]
[TimeControl "180+1"]
[WhiteFideId "2060850"]
[BlackFideId "1801236"]
[WhiteElo "2256"]
[BlackElo "2270"]
[WhiteTeam "USA"]
[BlackTeam "WLS"]
[WhiteClock "0:03:02"]
[BlackClock "0:02:23"]

1. e4 c6 2. d4 d5 3. exd5 cxd5 4. Bd3 Nc6 5. c3 Nf6 6. Bf4 g6 7. Nf3 Bg7 8. O-O Bf5 9. Bxf5 gxf5 10. Nbd2 O-O 11. Ne5 Ne4 12. Nxe4 fxe4 13. Qg4 Qc8 14. Qg3 Nxe5 15. Bxe5 f6 16. Bf4 Qf5 17. f3 Kh8 18. fxe4 Qxe4 19. Rae1 1-0

[Event "December 19 Late 2023"]
[Site "https://www.chess.com"]
[Date "2023.12.19"]
[Round "11"]
[White "Hasanagic, Anel"]
[Black "Gunduz, Umut Erdem"]
[Result "0-1"]
[Board "43"]
[TimeControl "180+1"]
[WhiteFideId "14605791"]
[BlackFideId "6381383"]
[WhiteElo "2209"]
[BlackElo "2182"]
[WhiteTeam "SLO"]
[BlackTeam "TUR"]
[WhiteClock "0:00:00"]
[BlackClock "0:00:23"]

1. Nf3 Nf6 2. b3 g6 3. Bb2 Bg7 4. e3 O-O 5. c4 c5 6. d4 cxd4 7. Nxd4 d5 8. cxd5 Nxd5 9. Be2 e5 10. Nb5 a6 11. N5c3 Nxc3 12. Nxc3 Qg5 13. h4 Qf5 14. Nd5 Nc6 15. g4 Qd7 16. g5 Qd8 17. Qd2 Be6 18. Rd1 Rc8 19. h5 Qxg5 20. hxg6 fxg6 21. Bc4 b5 22. Bf1 Kh8 23. e4 Qg4 24. Qe2 Nd4 25. Bxd4 exd4 26. Qxg4 Bxg4 27. Be2 Bxe2 28. Kxe2 Rc2+ 29. Rd2 Rxf2+ 30. Kxf2 Rxd2+ 31. Kf3 Rxa2 32. Rc1 h5 33. Ne7 Kh7 34. Rc6 d3 0-1

[Event "December 19 Late 2023"]
[Site "https://www.chess.com"]
[Date "2023.12.19"]
[Round "11"]
[White "Chylewski, Patryk"]
[Black "Colbow, Collin"]
[Result "0-1"]
[Board "44"]
[TimeControl "180+1"]
[WhiteFideId "1186191"]
[BlackFideId "16201132"]
[WhiteElo "2176"]
[BlackElo "2321"]
[WhiteTeam "POL"]
[BlackTeam "GER"]
[WhiteClock "0:00:02"]
[BlackClock "0:00:07"]

1. e4 c5 2. Nf3 e6 3. b3 a6 4. Bb2 Qc7 5. c4 Nc6 6. d4 cxd4 7. Nxd4 Qe5 8. Qd3 Bc5 9. f4 Qxf4 10. Nf3 Nb4 11. Qe2 Nf6 12. a3 Nc6 13. Nbd2 Ng4 14. b4 Bf2+ 15. Kd1 Ba7 16. Kc1 Nf2 17. Rg1 Ng4 18. Rh1 O-O 19. g3 Qh6 20. Bg2 d5 21. c5 b6 22. cxb6 Bxb6 23. Kb1 Bb7 24. Rc1 Be3 25. Rd1 dxe4 26. Nxe4 Qg6 27. Nh4 Qh5 28. h3 Nf6 29. Qxe3 Qxd1+ 30. Ka2 Nxb4+ 31. axb4 Bd5+ 32. Ka3 Qc2 33. Nxf6+ gxf6 34. Bxf6 h6 35. Qxh6 Qb3# 0-1

[Event "December 19 Late 2023"]
[Site "https://www.chess.com"]
[Date "2023.12.19"]
[Round "11"]
[White "D`Arruda, Ricardo D."]
[Black "Antunez Soler, Luis"]
[Result "0-1"]
[Board "45"]
[TimeControl "180+1"]
[WhiteFideId "100692"]
[BlackFideId "3513335"]
[WhiteElo "2544"]
[BlackElo "2154"]
[WhiteTeam "ARG"]
[BlackTeam "CUB"]
[WhiteClock "0:00:52"]
[BlackClock "0:01:05"]

1. d4 d5 2. Nf3 Nf6 3. c4 c6 4. e3 e6 5. Nc3 Nbd7 6. Bd3 Bd6 7. O-O O-O 8. e4 dxc4 9. Bxc4 e5 10. Bg5 Qe7 11. Re1 Re8 12. Bb3 a6 13. Qd2 b5 14. Rad1 b4 15. dxe5 Bxe5 16. Na4 h6 17. Nxe5 Nxe5 18. Bh4 Bg4 19. Rc1 Rad8 20. Qf4 Nd3 21. Bxf6 Qxf6 22. Qxg4 Qxf2+ 23. Kh1 Nxe1 0-1

[Event "December 19 Late 2023"]
[Site "https://www.chess.com"]
[Date "2023.12.19"]
[Round "11"]
[White "Spata, German"]
[Black "Sadovsky, Artem"]
[Result "1-0"]
[Board "46"]
[TimeControl "180+1"]
[WhiteFideId "113026"]
[BlackFideId "4155840"]
[WhiteElo "2260"]
[BlackElo "2314"]
[WhiteTeam "ARG"]
[BlackTeam "FID"]
[WhiteClock "0:00:05"]
[BlackClock "0:00:00"]

1. Nf3 g6 2. e4 Bg7 3. d4 d6 4. c3 e5 5. dxe5 dxe5 6. Qxd8+ Kxd8 7. Bc4 f6 8. a4 c6 9. b3 Nh6 10. O-O Kc7 11. Ba3 Bf8 12. Bb2 a5 13. Rd1 Nd7 14. Na3 Nc5 15. Nd2 Be6 16. Bxe6 Nxe6 17. f3 Bc5+ 18. Kf1 Rhd8 19. Ndc4 b6 20. g3 Nf7 21. Ke2 Be7 22. Rxd8 Rxd8 23. Rd1 Nc5 24. Rxd8 Nxd8 25. Nd2 Nde6 26. Nac4 Nd8 27. Ba3 Ndb7 28. Bxc5 Bxc5 29. Nb2 b5 30. c4 Bd4 31. Nd3 Kb6 32. cxb5 cxb5 33. f4 Nd6 34. Nf3 Nxe4 35. fxe5 fxe5 36. Ndxe5 Bxe5 37. Nxe5 bxa4 38. bxa4 Nc3+ 39. Kd3 Nxa4 40. Nf7 Kb5 41. Ng5 h5 42. Kc2 Kc4 43. Ne6 Nc3 44. Nf4 g5 45. Nxh5 a4 46. h4 g4 47. Nf6 a3 48. Nxg4 1-0

[Event "December 19 Late 2023"]
[Site "https://www.chess.com"]
[Date "2023.12.19"]
[Round "11"]
[White "Estrada Nieto, Julian"]
[Black "Akhayan, Ruben"]
[Result "1-0"]
[Board "47"]
[TimeControl "180+1"]
[WhiteFideId "5101018"]
[BlackFideId "204439"]
[WhiteElo "2161"]
[BlackElo "2141"]
[WhiteTeam "ESP"]
[BlackTeam "BEL"]
[WhiteClock "0:00:49"]
[BlackClock "0:00:08"]

1. e4 a6 2. d4 e6 3. Nc3 d5 4. Nf3 Be7 5. Bd3 Nf6 6. O-O dxe4 7. Nxe4 O-O 8. Re1 b5 9. Qe2 Bb7 10. Ne5 Nbd7 11. Ng5 Bd5 12. a4 h6 13. Ngf3 Bxf3 14. Qxf3 Nxe5 15. dxe5 Nd5 16. axb5 axb5 17. Rxa8 Qxa8 18. Bxb5 Qa5 19. Qe2 Rb8 20. Bd3 Bb4 21. c3 Bf8 22. Qe4 g6 23. h4 h5 24. g4 hxg4 25. h5 Ne7 26. Qxg4 Bg7 27. hxg6 Rd8 28. gxf7+ Kxf7 29. Qh5+ Kf8 30. Bc4 Qb6 31. Bg5 Qc6 32. b3 Re8 33. Bf6 Nf5 34. Qg5 Kf7 35. Qxf5 Qxc4 36. Qh5+ 1-0

[Event "December 19 Late 2023"]
[Site "https://www.chess.com"]
[Date "2023.12.19"]
[Round "11"]
[White "Lin, Bryan Enming"]
[Black "Buchenau, Frank"]
[Result "1-0"]
[Board "48"]
[TimeControl "180+1"]
[WhiteFideId "30987121"]
[BlackFideId "4604350"]
[WhiteElo "2561"]
[BlackElo "2157"]
[WhiteTeam "USA"]
[BlackTeam "GER"]
[WhiteClock "0:01:57"]
[BlackClock "0:00:00"]

1. e4 e6 2. d4 d5 3. Nd2 c5 4. exd5 Qxd5 5. dxc5 Nf6 6. Ngf3 Bxc5 7. Bc4 Qd6 8. O-O O-O 9. Qe2 Nc6 10. c3 Qc7 11. Bd3 b6 12. Ne4 Be7 13. Bg5 Nxe4 14. Qxe4 g6 15. Qh4 f6 16. Bh6 Rd8 17. Bc4 Na5 18. Be2 e5 19. b4 Nb7 20. Bc4+ Kh8 21. Rad1 Nd6 22. Bd5 Nf5 23. Qe4 Rxd5 24. Qxd5 Bb7 25. Qd7 Qxd7 26. Rxd7 Bxf3 27. gxf3 Rc8 28. Bd2 Bf8 29. Rxa7 Nh4 30. Be3 Rxc3 31. Ra8 Kg7 32. Bxb6 Nxf3+ 33. Kg2 Nh4+ 34. Kh1 Bxb4 35. a4 Ra3 36. a5 Nf3 37. a6 1-0

[Event "December 19 Late 2023"]
[Site "https://www.chess.com"]
[Date "2023.12.19"]
[Round "11"]
[White "Kovalevsky, Stanislav"]
[Black "Rodgers, Jack"]
[Result "1/2-1/2"]
[Board "49"]
[TimeControl "180+1"]
[WhiteFideId "13508598"]
[BlackFideId "3220885"]
[WhiteElo "2043"]
[BlackElo "2107"]
[WhiteTeam "FID"]
[BlackTeam "AUS"]
[WhiteClock "0:00:05"]
[BlackClock "0:00:04"]

1. e4 c5 2. c3 g6 3. d4 cxd4 4. cxd4 d5 5. e5 Bg7 6. Nc3 Nc6 7. Be3 Nh6 8. Qf3 Nf5 9. Nxd5 Nfxd4 10. Bxd4 Nxd4 11. Qe4 Nc2+ 12. Qxc2 Qxd5 13. f4 Bf5 14. Rd1 Qa5+ 15. Qd2 Qxd2+ 16. Rxd2 O-O 17. Nf3 Rac8 18. Be2 Rc1+ 19. Bd1 Bh6 20. g3 Rfc8 21. O-O Be6 22. a3 Bf8 23. Nd4 Bc4 24. Be2 Bxe2 25. Nxe2 R1c2 26. Rfd1 e6 27. Kf2 Bc5+ 28. Kf3 Bb6 29. Ke4 R2c4+ 30. Kf3 h5 31. h3 R4c5 32. Nc3 Ba5 33. Ne4 Bxd2 34. Nxc5 Bxf4 35. Kxf4 Rxc5 36. Rd7 Rb5 37. b4 Kg7 38. Ke4 a5 39. bxa5 Rxa5 40. Rxb7 Rxa3 41. Kf4 Rd3 42. h4 Rd4+ 43. Kf3 Rd5 44. Ke4 Rd1 45. Kf3 Rf1+ 46. Ke3 Rf5 47. Ke4 g5 48. hxg5 Rxg5 49. Kf4 Rg4+ 50. Kf3 Kg6 51. Rb8 Rd4 52. Rg8+ Kh7 53. Rf8 Kg7 54. Rb8 Ra4 55. Rb7 Ra1 56. Kf4 Rf1+ 57. Ke4 Kg6 58. Rb8 Kg7 59. Rb7 Kh7 60. Ra7 Kh6 61. Ra8 Rf2 62. Ke3 Rf5 63. Ke4 Kg7 64. Ra7 Kf8 65. Ra8+ Ke7 66. Ra7+ Kd8 67. Ra8+ Kc7 68. Ra7+ Kb6 69. Rd7 Kc5 70. Rd1 Kc4 71. Rd7 Kc3 72. Rd1 Kc2 73. Rd7 Rg5 74. Rxf7 Rxg3 75. Rh7 Rg4+ 76. Kf3 Kd3 77. Rxh5 Rg6 78. Kf4 Kd4 79. Rh7 Rg1 80. Rd7+ Kc5 81. Rd6 Rf1+ 82. Ke4 Re1+ 83. Kf4 Rf1+ 84. Kg3 Re1 85. Kf4 Rf1+ 1/2-1/2

[Event "December 19 Late 2023"]
[Site "https://www.chess.com"]
[Date "2023.12.19"]
[Round "11"]
[White "petr577"]
[Black "Perea Fruet, Lorenzo"]
[Result "1-0"]
[Board "50"]
[TimeControl "180+1"]
[BlackFideId "24595870"]
[WhiteElo "2350"]
[BlackElo "2268"]
[BlackTeam "ESP"]
[WhiteClock "0:00:08"]
[BlackClock "0:00:00"]

1. e4 b6 2. d4 Bb7 3. Bd3 e6 4. Nf3 Nf6 5. Qe2 d5 6. e5 Nfd7 7. c3 a5 8. h4 Ba6 9. c4 dxc4 10. Bxc4 Bxc4 11. Qxc4 c5 12. Nc3 Nc6 13. Bg5 Be7 14. Rd1 O-O 15. dxc5 bxc5 16. Ne4 h6 17. Nxc5 Ra7 18. Nxe6 fxe6 19. Qxe6+ Kh8 20. Qxc6 Bb4+ 21. Kf1 Qe8 22. Bxh6 gxh6 23. Qxh6+ Kg8 24. Rh3 Qc8 25. Rg3+ Kf7 26. e6+ Ke7 27. Rg7+ Kd8 28. Qg5+ 1-0

[Event "December 19 Late 2023"]
[Site "https://www.chess.com"]
[Date "2023.12.19"]
[Round "11"]
[White "Aghasiyev, Kamal"]
[Black "Rangel, Daniel"]
[Result "1-0"]
[Board "51"]
[TimeControl "180+1"]
[WhiteFideId "13402854"]
[BlackFideId "2124475"]
[WhiteElo "2196"]
[BlackElo "2267"]
[WhiteTeam "AZE"]
[BlackTeam "BRA"]
[WhiteClock "0:00:52"]
[BlackClock "0:00:10"]

1. d4 Nf6 2. c4 e6 3. Nf3 d5 4. g3 Be7 5. Bg2 O-O 6. O-O a5 7. Nbd2 c6 8. Qc2 b6 9. e4 Ba6 10. b3 dxc4 11. bxc4 e5 12. Nxe5 Qxd4 13. Bb2 Qd8 14. Rfd1 Nfd7 15. Nf1 Qc7 16. Ng4 Nc5 17. Nfe3 h5 18. Ne5 Bf6 19. f4 Nbd7 20. Nxd7 Bxb2 21. Qxb2 Nxd7 22. Nf5 f6 23. Bh3 Nc5 24. Qe2 g6 25. Nd6 Rad8 26. e5 Qe7 27. Qc2 f5 28. Rab1 Rb8 29. Bg2 Qc7 30. Rd2 Kg7 31. Rbd1 Ne6 32. Nxf5+ gxf5 33. Rd7+ Rf7 34. Rxc7 Nxc7 35. Rd6 c5 36. Qe2 Re8 37. Qxh5 Ne6 38. Bd5 Bc8 39. Bxe6 Bxe6 40. Qg5+ Kf8 41. Qh6+ 1-0

[Event "December 19 Late 2023"]
[Site "https://www.chess.com"]
[Date "2023.12.19"]
[Round "11"]
[White "Zavgorodniy, Sergiy"]
[Black "Kazmaier, Daniel"]
[Result "1-0"]
[Board "52"]
[TimeControl "180+1"]
[WhiteFideId "14110148"]
[BlackFideId "2606089"]
[WhiteElo "2402"]
[BlackElo "2481"]
[WhiteTeam "UKR"]
[BlackTeam "CAN"]
[WhiteClock "0:01:32"]
[BlackClock "0:00:52"]

1. e3 f5 2. Nf3 Nf6 3. d4 g6 4. Be2 Bg7 5. h4 O-O 6. c4 d6 7. Nc3 Nc6 8. Ng5 e5 9. d5 Ne7 10. h5 h6 11. Ne6 Bxe6 12. dxe6 g5 13. Nd5 c6 14. Nxf6+ Rxf6 15. e4 Rxe6 16. exf5 Nxf5 17. Bg4 Rf6 18. O-O Qf8 19. b3 Nd4 20. Bb2 c5 21. Bxd4 exd4 22. Qd3 Re8 23. g3 Rf7 24. a4 a5 25. Kg2 Rfe7 26. Ra2 Re1 27. Rxe1 Rxe1 28. Re2 Rxe2 29. Qxe2 Be5 30. Be6+ Kg7 31. Qe4 Qe8 32. Qxb7+ Kf6 33. Bg4 1-0

[Event "December 19 Late 2023"]
[Site "https://www.chess.com"]
[Date "2023.12.19"]
[Round "11"]
[White "Krzywda, Andrzej"]
[Black "Mokshanov, Alexey"]
[Result "0-1"]
[Board "53"]
[TimeControl "180+1"]
[WhiteFideId "1114565"]
[BlackFideId "24121657"]
[WhiteElo "2130"]
[BlackElo "2278"]
[WhiteTeam "POL"]
[BlackTeam "RUS"]
[WhiteClock "0:00:00"]
[BlackClock "0:01:19"]

1. e4 e6 2. d4 d5 3. Nc3 Nf6 4. e5 Nfd7 5. f4 c5 6. Nf3 Nc6 7. Be3 Be7 8. Qd2 O-O 9. dxc5 Bxc5 10. O-O-O Qa5 11. a3 Rb8 12. Bxc5 Nxc5 13. Qe3 Na4 14. Nb5 Bd7 15. Kb1 Nxe5 16. Nxe5 Bxb5 17. c4 Bxc4 18. Bxc4 dxc4 19. Nxc4 Qb5 20. Rc1 Rbc8 21. Qe5 Rc5 22. Qd4 Rfc8 23. Rhd1 h6 24. Ne5 Nc3+ 25. Rxc3 Rxc3 26. Nf3 R3c5 27. Qe3 Rd5 28. Nd4 Qd7 29. Rd2 Rd8 30. f5 Rxd4 31. Rxd4 Qxd4 0-1

[Event "December 19 Late 2023"]
[Site "https://www.chess.com"]
[Date "2023.12.19"]
[Round "11"]
[White "Crasyhealer"]
[Black "Golubev, Mikhail"]
[Result "0-1"]
[Board "54"]
[TimeControl "180+1"]
[BlackFideId "14100983"]
[WhiteElo "2470"]
[BlackElo "2352"]
[BlackTeam "UKR"]
[WhiteClock "0:00:37"]
[BlackClock "0:00:43"]

1. c4 g6 2. h4 Nf6 3. Nc3 e5 4. d3 Nc6 5. Nf3 d6 6. Bg5 h6 7. Bxf6 Qxf6 8. Nd5 Qd8 9. h5 g5 10. Nd2 f5 11. g3 Bg7 12. Bg2 O-O 13. e3 a6 14. Qc2 Be6 15. O-O-O Qd7 16. f4 g4 17. Nb3 Kh8 18. Kb1 b5 19. c5 Bxd5 20. Bxd5 Nb4 21. Qg2 c6 22. Bxc6 Nxc6 23. cxd6 Qxd6 24. fxe5 Nxe5 25. d4 Nc4 26. Rhe1 Rae8 27. Qf2 a5 28. Nc5 a4 29. b3 Nb6 30. Rc1 Nd5 31. Kb2 axb3 32. axb3 Nxe3 33. Red1 0-1

[Event "December 19 Late 2023"]
[Site "https://www.chess.com"]
[Date "2023.12.19"]
[Round "11"]
[White "Melikhov, Evgeny V."]
[Black "Hajiyev, Kanan"]
[Result "0-1"]
[Board "55"]
[TimeControl "180+1"]
[WhiteFideId "4122046"]
[BlackFideId "13404148"]
[WhiteElo "2165"]
[BlackElo "2102"]
[WhiteTeam "GRE"]
[BlackTeam "AZE"]
[WhiteClock "0:00:00"]
[BlackClock "0:00:11"]

1. d4 c6 2. c4 d5 3. Nc3 a6 4. c5 Nf6 5. f4 b6 6. cxb6 Qxb6 7. Nf3 Bg4 8. e3 e6 9. Bd3 Bd6 10. O-O O-O 11. h3 Bxf3 12. Qxf3 c5 13. Na4 Qa7 14. Nxc5 Bxc5 15. dxc5 Qxc5 16. Bd2 Nc6 17. Rac1 Qb6 18. b3 Nb4 19. Bb1 Rfc8 20. Kh2 a5 21. Bc3 Qd8 22. Be5 Nc6 23. Bc3 Rab8 24. Rfd1 Qe7 25. e4 dxe4 26. Bxe4 Nxe4 27. Qxe4 Nb4 28. Bb2 Nxa2 29. Rxc8+ Rxc8 30. Qe5 Qf6 31. Qxa5 Qxf4+ 32. Kh1 h5 33. Qxa2 Qf2 34. Qb1 Rc2 35. Rd8+ Kh7 36. Qg1 Qxg1+ 37. Kxg1 Rxb2 38. Rb8 h4 39. b4 g5 40. b5 e5 41. b6 Kg6 42. b7 Kf5 43. Kf1 Kf4 44. Ke1 e4 45. Kd1 e3 46. Kc1 Rb6 47. Kd1 Rb5 48. Ke2 Rb2+ 49. Kd1 f5 50. Ke1 Rb1+ 51. Ke2 Rb2+ 52. Ke1 Kg3 53. Rg8 Rxb7 54. Rxg5+ Kf4 55. Rh5 Rb1+ 56. Ke2 Rb2+ 57. Kf1 Kg3 58. Rg5+ Kh2 59. Rxf5 Rxg2 60. Re5 Rg3 61. Ke2 Kxh3 0-1